 Dungeon Crawl Stone Soup version 0.29-a0-700-g2f1814c7b2 (webtiles) character file.

Game seed: 10952332180651550298

1277 sammy202020 the Skirmisher (level 8, -1/65 HPs)
             Began as a Demonspawn Berserker on June 25, 2022.
             Was a Believer of Trog.
             Slain by a two-headed ogre
             ... wielding a +0 giant club
              (26 damage)
             ... on level 6 of the Dungeon.
             The game lasted 00:09:25 (5969 turns).

sammy202020 the Skirmisher (Demonspawn Berserker)   Turns: 5969, Time: 00:09:26

Health: -1/65      AC: 19    Str: 19    XL:     8   Next: 29%
Magic:  8/8        EV:  6    Int: 10    God:    Trog [**....]
Gold:   297        SH: 11    Dex: 12    Spells: 7/7 levels left

rFire   . . .      SeeInvis +   p - +0 broad axe
rCold   . . .      Faith    .   C - +0 kite shield
rNeg    . . .      Spirit   .   v - +0 shadow dragon scales
rPois   .          Reflect  .   (helmet restricted)
rElec   .          Harm     .   D - +0 cloak
rCorr   .          Rampage  .   (no gloves)
Will    ++...                   e - +0 pair of boots
Stlth   ++........              w - amulet of the acrobat
HPRegen 1.20/turn               m - ring of see invisible
MPRegen 0.11/turn               (no ring)

@: strong-willed, regenerating, studying Axes
A: horns 2, icemail 1, powered by pain 1, condensation shield
a: Renounce Religion, Berserk, Trog's Hand


You were on level 6 of the Dungeon.
You worshipped Trog.
Trog was pleased with you.
You visited 1 branch of the dungeon, and saw 6 of its levels.

You collected 297 gold pieces.

Inventory:

Hand Weapons
 l - a +0 hunting sling
 p - a +0 broad axe (weapon)
 t - a +0 flail
Missiles
 y - 4 boomerangs (quivered)
Armour
 e - a +0 pair of boots (worn)
 v - +0 shadow dragon scales (worn)
 C - a +0 kite shield (worn)
 D - a +0 cloak (worn)
Jewellery
 m - a ring of see invisible (left hand)
 w - an amulet of the acrobat (around neck)
Wands
 A - a wand of flame (25)
Scrolls
 f - a scroll of poison
 i - a scroll of magic mapping
 q - a scroll of identify
 s - 2 scrolls of amnesia
Potions
 b - a potion of attraction
 c - 3 potions of resistance
 d - 3 potions of might
 g - 2 potions of brilliance
 h - 2 potions of magic
 j - a potion of curing
 k - 2 potions of ambrosia
 n - a potion of mutation
 o - 2 potions of heal wounds {unknown}
 z - a potion of lignification
 B - a potion of cancellation


   Skills:
 * Level 6.5 Fighting
 * Level 6.1 Axes
 + Level 4.0 Armour
 + Level 3.9 Dodging
 + Level 0.4 Shields


You had 7 spell levels left.
You didn't know any spells.
Your spell library was empty.

Dungeon Overview and Level Annotations

Branches:
Dungeon (6/15)             Temple (0/1) D:6

Altars:
Dithmenos
Makhleb
Trog
Vehumet
Zin

Shops:
D:5 [


Innate Abilities, Weirdness & Mutations

You have a pair of horns on your head.
A meltable icy envelope protects you from harm. (AC +4)
You sometimes gain a little power by taking damage.
A meltable shield of frost defends you. (SH +4)


Message History

You hit the phantom but do no damage.
The phantom is heavily damaged.
The phantom hits you but does no damage.
You hit the phantom.
The phantom is severely damaged.
The phantom hits you.
You slash the phantom! Your headbutt misses the phantom.
The phantom is almost destroyed.
You block the phantom's attack.
The phantom hits you but does no damage.
You slash the phantom!
You destroy the phantom!
Trog accepts your kill.
Your Axes skill increases to level 6!
There are no items here.
p - a +0 broad axe (weapon)
You drop a +1 hand axe.
HP restored.
A - a wand of flame (25) (gained 15 charges)
You see here a +0 ring mail.
There is a fountain of clear blue water here.
A two-headed ogre comes into view. It is wielding two +0 giant clubs.
A two-headed ogre is nearby!
You slash the two-headed ogre!
The two-headed ogre is moderately wounded.
You block the two-headed ogre's attack. x2
You slash the two-headed ogre!
The two-headed ogre is heavily wounded.
The two-headed ogre hits you with a +0 giant club!!
The two-headed ogre hits you with a +0 giant club!
You hit the two-headed ogre but do no damage.
You headbutt the two-headed ogre.
The two-headed ogre is heavily wounded.
The two-headed ogre hits you with a +0 giant club!
The two-headed ogre barely misses you.
You are too injured to fight recklessly!
Your skin crawls.
You feel strong-willed.
The two-headed ogre hits you with a +0 giant club!!
You die...

###############
#..@..........#
#..O##########.####
#...... #....# #
#.##... ##...# # .
##.. #...# # ..#
#.⌠.### ##. #......
#. ###.... #...)


You could see a two-headed ogre.

Vanquished Creatures
  Sigmund (D:4)
  Eustachio (D:4)
  2 ice beasts
  2 phantoms (D:6)
  A gnoll sergeant (D:6)
  2 scorpions (D:4)
  A howler monkey (D:4)
  A jelly (D:5)
  2 hounds
  Crazy Yiuf (D:4)
  A gnoll shaman (D:5)
  An orc priest (D:4)
  Ijyb (D:4)
  3 iguanas
  2 adders
  8 gnolls
  3 ufetubi
  A worm (D:3)
  3 dart slugs
  3 orcs
  3 ball pythons
  3 endoplasms
  5 giant cockroaches
  6 goblins
  5 hobgoblins
  A quokka (D:3)
  3 bats
  3 frilled lizards
  16 kobolds
  3 rats
88 creatures vanquished.

Vanquished Creatures (others)
  2 plants (D:2)
2 creatures vanquished.

Grand Total: 90 creatures vanquished

Notes
Turn   | Place    | Note
-------+----------+-------------------------------------------
     0 | D:1      | sammy202020 the Demonspawn Berserker began the quest for
                  | the Orb.
     0 | D:1      | Reached XP level 1. HP: 18/18 MP: 1/1
   366 | D:1      | Gained mutation: You sometimes gain a little power by
                  | taking damage. [demonic ancestry]
   366 | D:1      | Reached XP level 2. HP: 22/24 MP: 2/2
   446 | D:1      | Found a faded altar of an unknown god.
  1025 | D:2      | Found a shadowy altar of Dithmenos.
  1212 | D:2      | Reached ** piety under Trog
  1496 | D:3      | Gained mutation: A meltable shield of frost defends you.
                  | (SH +4) [demonic ancestry]
  1496 | D:3      | Reached XP level 3. HP: 25/29 MP: 3/3
  2849 | D:3      | You fall into a shaft and drop 3 floors!
  2856 | D:6      | Noticed a gnoll sergeant
  2863 | D:6      | Gained mutation: You have a pair of small horns on your
                  | head. [demonic ancestry]
  2863 | D:6      | Reached XP level 4. HP: 37/37 MP: 4/4
  2869 | D:6      | Killed a gnoll sergeant
  2870 | D:6      | Reached XP level 5. HP: 34/42 MP: 5/5
  2984 | D:6      | Found a radiant altar of Vehumet.
  3029 | D:6      | Noticed a phantom
  3031 | D:6      | Found a bloodstained altar of Trog.
  3035 | D:6      | Noticed an ice beast
  3048 | D:6      | Killed a phantom
  3060 | D:6      | Killed an ice beast
  3061 | D:6      | Reached XP level 6. HP: 45/50 MP: 6/6
  3260 | D:6      | Found a staircase to the Ecumenical Temple.
  3278 | D:5      | Entered Level 5 of the Dungeon
  3311 | D:5      | Noticed an ice beast
  3321 | D:5      | Killed an ice beast
  3322 | D:5      | Reached skill level 5 in Fighting
  3743 | D:5      | Gained mutation: A meltable icy envelope protects you from
                  | harm. (AC +4) [demonic ancestry]
  3743 | D:5      | Reached XP level 7. HP: 55/56 MP: 7/7
  3952 | D:4      | Noticed Sigmund
  3957 | D:4      | Noticed Ijyb
  3964 | D:4      | Killed Sigmund
  3965 | D:4      | Reached skill level 5 in Axes
  3967 | D:4      | Killed Ijyb
  4063 | D:4      | Noticed Eustachio
  4111 | D:4      | Killed Eustachio
  4112 | D:4      | Gained mutation: You have a pair of horns on your head.
                  | [demonic ancestry]
  4112 | D:4      | Reached XP level 8. HP: 64/64 MP: 8/8
  4149 | D:4      | Reached *** piety under Trog
  4456 | D:4      | Found a runed translucent door.
  4457 | D:4      | Noticed Crazy Yiuf
  4542 | D:4      | Found a burning altar of Makhleb.
  4635 | D:4      | Killed Crazy Yiuf
  4953 | D:4      | Identified a scroll of acquirement
  4954 | D:4      | Acquired a manual of Axes
  5338 | D:5      | Found Vocloan's Antique Armour Boutique.
  5964 | D:6      | Noticed a two-headed ogre
  5969 | D:6      | Slain by a two-headed ogre

Illustrated notes

Levels and vault maps discovered:
D:1:      co_arrival_random_square_maze, layout_rooms,
          shapermc_ecumenical_altar_mp_urbaneastern, serial_curves,
          eino_curves_04, eino_curves_02, eino_curves_03
D:2:      layout_rooms, basic_altar, serial_bayou_crossing
D:3:      layout_loops_corners
D:4:      layout_rooms, lemuel_round_altar, lightli_temple_of_fire, st_stairs_9,
          uniq_crazy_yiuf_cottage, uniq_eustachio, uniq_ijyb, uniq_sigmund
D:5:      layout_basic, serial_shops, shop_statue, roderic_lattice_a
D:6:      layout_loops_ring, mainiacjoe_overflow_chevrons,
          nicolae_vehumet_altar_sigil, kennysheep_mini_moat,
          minmay_temple_entry_arrows, nicolae_elevator_lobby_asterisk

Skill      XL: |  1  2  3  4  5  6  7  8 |
---------------+-------------------------+-----
Axes           | 3 4 5 6 |  6.1
Armour         | 2 3 4 |  4.0
Dodging        | 2 3 |  3.9
Fighting       | 4 5 6 |  6.5
Shields        | |  0.4

Action                   |  1- 3 |  4- 6 |  7- 9 || total
-------------------------+-------+-------+-------++-------
Melee: Hand axe          |   129 |    90 |   118 ||   337
       Punch             |     1 |       |       ||     1
       Headbutt          |       |    11 |    22 ||    33
       Broad axe         |       |       |     3 ||     3
Invok: Berserk           |     2 |     1 |     2 ||     5
       Trog's Hand       |     1 |       |     2 ||     3
  Use: Scroll            |     5 |       |    16 ||    21
 Stab: Sleeping          |       |     1 |     1 ||     2
Armor: Ring mail         |    35 |    22 |       ||    57
       Animal skin       |     3 |       |       ||     3
       Shadow dragon sca |       |    48 |    84 ||   132
Dodge: Dodged            |    88 |    60 |    65 ||   213
Block: Other             |     2 |    30 |    16 ||    48
       Kite shield       |       |       |    21 ||    21

Table legend: (Time is in decaauts)
 A = Elapsed time spent in this place.
 B = Non-inter-level travel time spent in this place.
 C = Inter-level travel time spent in this place.
 D = Time resting spent in this place.
 E = Time spent auto-exploring this place.
 F = Levels seen in this place.
 G = Mean time per level.
                   A        B        C        D        E       F      G
               +--------+--------+--------+--------+--------+-----+--------+
         Total |   6058 |   5673 |    385 |    832 |   3638 |   6 | 1009.7 |
       Dungeon |   6058 |   5673 |    385 |    832 |   3638 |   6 | 1009.7 |
               +--------+--------+--------+--------+--------+-----+--------+

Top non-repeatable levels by time:
     D:4: 1496 daAuts
     D:3: 1376 daAuts
     D:5: 1142 daAuts
     D:1: 990 daAuts
     D:6: 528 daAuts
     D:2: 523 daAuts
